 Dungeon Crawl Stone Soup version 0.29.1-13-g9f3cf754e1 (webtiles) character file.

Game seed: 3473323263614883573

34770 promet the Cleaver (level 14, -5/106 HPs)
             Began as a Human Fighter on Jan 9, 2023.
             Was a High Priest of Wu Jian.
             Asphyxiated
             ... on level 1 of the Snake Pit on Jan 24, 2023.
             The game lasted 03:17:35 (25898 turns).

promet the Cleaver (Human Fighter)                 Turns: 25898, Time: 03:17:36

Health: -5/106     AC: 15    Str: 18    XL:     14   Next: 15%
Magic:  14/14      EV: 10    Int:  8    God:    Wu Jian [*****.]
Gold:   1722       SH: 11    Dex: 17    Spells: 12/13 levels left

rFire   . . .      SeeInvis +   E - +2 war axe (flame)
rCold   . . .      Faith    .   c - +0 kite shield
rNeg    . . .      Spirit   .   y - +0 acid dragon scales
rPois   .          Reflect  .   K - +2 hat
rElec   .          Harm     .   p - +2 cloak {Stlth+}
rCorr   +          Rampage  .   l - +0 pair of gloves
Will    ++...                   L - +0 pair of boots
Stlth   ++++......              Z - amulet of regeneration
HPRegen 1.07/turn               i - ring of willpower
MPRegen 0.14/turn               P - ring of see invisible

@: lethally poisoned (-5 -> -15), slowed, constricted, studying Long Blades,
very slow
A: talons 1, no potion heal 1
a: Renounce Religion, Wall Jump, Serpent's Lash, Heavenly Storm


You were on level 1 of the Snake Pit.
You worshipped Wu Jian.
Wu Jian was extremely pleased with you.
You visited 4 branches of the dungeon, and saw 17 of its levels.

You collected 2799 gold pieces.
You spent 1077 gold pieces at shops.

Inventory:

Hand Weapons
 a - the +12 hand axe "Vutyti" {freeze, rN++}
   (You bought it in a shop on level 9 of the Dungeon)

   It freezes those it strikes, dealing additional cold damage.
   It can also slow down cold-blooded creatures.
   rN:        It greatly protects you from negative energy.
 b - a +1 vorpal sling
 n - a +0 short sword of speed
 s - a +2 dagger of venom
 t - a +1 flail of draining
 u - a +1 short sword of venom
 z - a +1 whip of electrocution
 B - a +5 dire flail
 C - a +2 rapier of protection
 E - a +2 war axe of flaming (weapon)
 G - a +2 hand axe of holy wrath
 T - a +3 long sword
 V - a +3 trident
Missiles
 d - 134 stones
 e - 26 poisoned darts
 k - 9 silver boomerangs
 r - 10 curare-tipped darts
 F - 3 datura-tipped darts
 J - 11 boomerangs (quivered)
Armour
 c - a +0 kite shield (worn)
 l - a +0 pair of gloves (worn)
 p - a +2 cloak of stealth (worn)
 y - +0 acid dragon scales (worn)
 K - a +2 hat (worn)
 L - a +0 pair of boots (worn)
 Y - the +2 robe of Purpose {Contam rC+++ rN+ Int+4}
   (You found it on level 2 of the Lair of Beasts)

   Int:       It affects your intelligence (+4).
   rC:        It renders you almost immune to cold.
   rN:        It protects you from negative energy.
   Contam:    It causes magical contamination when unequipped.
Jewellery
 h - an amulet of faith
 i - a ring of willpower (left hand)
 j - a ring of poison resistance
 M - a ring of ice
 P - a ring of see invisible (right hand)
 R - a ring of protection from fire
 S - a +4 ring of evasion
 W - a ring of ice
 Z - an amulet of regeneration (around neck)
Wands
 o - a wand of flame (1)
 q - a wand of polymorph (1)
 x - a wand of light (8)
 D - a wand of charming (10)
 H - a wand of roots (29)
 N - a wand of mindburst (4)
Scrolls
 f - 4 scrolls of immolation
 g - a scroll of magic mapping
 m - 10 scrolls of identify
 w - 3 scrolls of fog
 I - a scroll of poison
Potions
 v - 6 potions of curing
 A - a potion of attraction
 O - a potion of ambrosia
 Q - 2 potions of berserk rage {unknown}
 U - a potion of flight
 X - 2 potions of heal wounds


   Skills:
 + Level 8.9 Fighting
 + Level 6.7(8.3) Short Blades
 + Level 7.3(8.6) Long Blades
 * Level 12.4 Axes
 + Level 7.7 Ranged Weapons
 + Level 5.6 Throwing
 + Level 5.9 Armour
 + Level 6.8 Dodging
 + Level 5.5 Stealth
 + Level 8.2 Shields
 + Level 2.8 Evocations


You had 12 spell levels left.
You knew the following spells:

 Your Spells              Type           Power      Damage    Failure   Level
a - Summon Small Mammal   Summ           0%         N/A       80%         1

Your spell library contained the following spells:

 Spells                   Type           Power      Damage    Failure   Level
 Necrotise                Necr           0%         1d4       80%         1
 Blink                    Tloc           0%         N/A       91%         2
 Ensorcelled Hibernation  Hex/Ice        0%         N/A       91%         2
 Static Discharge         Conj/Air       0%         3-3/arc   91%         2
 Call Canine Familiar     Summ           0%         N/A       99%         3
 Ozocubu's Armour         Ice            0%         N/A       99%         3
 Spider Form              Tmut/Pois      0%         N/A       99%         3
 Summon Guardian Golem    Hex/Summ       0%         N/A       99%         3
 Vampiric Draining        Necr           0%         2d6       99%         3
 Anguish                  Hex/Necr       0%         N/A       100%        4
 Animate Armour           Summ/Erth      0%         N/A       100%        4
 Dispel Undead            Necr           0%         3d6       100%        4
 Leda's Liquefaction      Hex/Erth       0%         N/A       100%        4
 Sticky Flame             Conj/Fire      0%         2d3       100%        4
 Summon Ice Beast         Ice/Summ       0%         N/A       100%        4
 Agony                    Necr           0%         N/A       100%        5
 Manifold Assault         Tloc           0%         N/A       100%        5
 Metabolic Englaciation   Hex/Ice        0%         N/A       100%        5
 Simulacrum               Ice/Necr       0%         N/A       100%        6
 Storm Form               Tmut/Air       0%         N/A       100%        7


Dungeon Overview and Level Annotations

Branches:
Dungeon (11/15)            Temple (0/1) D:7            Lair (3/5) D:11
  Swamp (0/4) Lair:2        Snake (1/4) Lair:3          Orc (2/2) D:10
    Elf (0/3) Orc:2

Altars:
Gozag
Nemelex Xobeh
Okawaru
Qazlal
Uskayaw
Wu Jian

Shops:
D:3 :   D:6 :   D:8 =   D:9 (   D:10 (   Orc:2 (*[=(

Portals:
Trove: D:11 (give 15 scrolls of teleportation)

Annotations:
D:4 2 transporters, hawla's ghost, weakling MeIE
D:5 2 transporters
D:10 1 runed translucent door, FexLirch's ghost, journeyman TeAE


Innate Abilities, Weirdness & Mutations

You have sharp toenails.
Potions are less effective at restoring your health.


Message History

The naga warrior completely misses you.
You slash the naga warrior! You burn the naga warrior.
The naga warrior is severely wounded.
You completely miss the naga mage.
The naga sharpshooter shoots an arrow.
The arrow hits you!
The naga mage gestures wildly while chanting.
The naga mage seems to speed up.
The naga mage constricts you. The naga warrior spits poison at you.
The splash of poison hits you but does no damage.
You are poisoned.
You have difficulty breathing.
You feel yourself slow down.
You barely miss the naga warrior.
The naga warrior is severely wounded.
You closely miss the naga mage.
You feel very sick. The naga mage closely misses you.
The naga mage constricts you.
The naga sharpshooter shoots an arrow.
You block the arrow. You block the naga warrior's attack.
The naga mage hits you but does no damage.
The naga mage constricts you.
The naga sharpshooter mumbles some strange words.
The naga sharpshooter magically shoots an arrow.
The arrow hits you!
* * * LOW HITPOINT WARNING * * *
The naga warrior hits you with a +0 mace!!
* * * LOW HITPOINT WARNING * * *
The naga mage barely misses you. The naga mage constricts you.
* * * LOW HITPOINT WARNING * * *
Okay, then.
Your system partially rejects the healing.
You feel better. The naga mage hits you with a +0 whip.
* * * LOW HITPOINT WARNING * * *
The naga mage constricts you.
The naga sharpshooter shoots an arrow.
The arrow hits you.
* * * LOW HITPOINT WARNING * * *
The naga warrior spits poison at you. The splash of poison hits you!
You are lethally poisoned!
You have difficulty breathing.
You die...

###### ##....###
##..N....##
##.....NN..###.
.#......@.......
..)...........##
..........^...#
..............#
..............#
.......<.....##
.............#
.............#
...........###


You could see a naga warrior (curare, catching breath), a naga sharpshooter
(strong) and a naga mage (fast, strong).

Vanquished Creatures
  Josephine (D:9)
  An ettin (Orc:2)
  A boulder beetle (D:11)
  Fannar (D:10)
  Erolcha (D:9)
  Harold (D:9)
  3 hydras
  2 two-headed ogres
  An orc high priest (Orc:2)
  Pikel (D:7)
  5 orc sorcerers (Orc:2)
  An elephant (D:11)
  2 cyclopes
  2 black mambas
  5 cane toads
  Psyche (D:9)
  A kobold demonologist (D:11)
  A rime drake (Lair:1)
  An unseen horror (D:11)
  7 komodo dragons
  Maggie (D:6)
  6 trolls
  2 polar bears
  3 hornets
  10 blink frogs
  Grinder (D:4)
  2 slime creatures
  Sigmund (D:3)
  A vampire (D:9)
  2 shadows
  28 yaks
  2 wyverns
  3 wraiths
  A basilisk (Lair:2)
  A steam dragon (D:6)
  4 wargs
  Menkaure (D:6)
  3 acid dragons
  3 swamp worms (Lair:2)
  8 water moccasins
  2 black bears (D:11)
  17 orc warriors
  2 sky beasts
  2 ice beasts (D:6)
  4 ogres
  A centaur (D:9)
  A lemure (D:7)
  A phantom (D:7)
  12 bullfrogs
  2 kobold brigands
  2 necrophages (D:6)
  19 wights
  An electric eel (Lair:3)
  5 howler monkeys
  2 hounds
  14 orc priests
  A gnoll bouda (D:6)
  3 iguanas
  28 orc wizards
  Natasha (thrice) (D:3)
  10 gnolls
  8 adders
  2 white imps
  2 ufetubi (D:6)
  5 worms
  4 dart slugs
  67 orcs
  11 endoplasms
  6 giant cockroaches
  9 goblins
  10 hobgoblins
  8 jackals
  4 quokkas
  8 ball pythons
  3 bats
  3 frilled lizards
  13 kobolds
  A rat (D:1)
  A butterfly (D:7)
419 creatures vanquished.

Vanquished Creatures (collateral kills)
  An orc warrior (Orc:2)
  An orc priest (Orc:2)
  3 orcs
5 creatures vanquished.

Vanquished Creatures (others)
  3 orcs
  18 fungi
  17 plants
38 creatures vanquished.

Grand Total: 462 creatures vanquished

Notes
Turn   | Place    | Note
-------+----------+-------------------------------------------
     0 | D:1      | promet the Human Fighter began the quest for the Orb.
     0 | D:1      | Reached XP level 1. HP: 18/18 MP: 1/1
   190 | D:1      | Reached XP level 2. HP: 23/24 MP: 2/2
   702 | D:2      | Reached XP level 3. HP: 21/29 MP: 3/3
  1329 | D:2      | Reached XP level 4. HP: 35/35 MP: 4/4
  1445 | D:2      | Found a faded altar of an unknown god.
  1960 | D:3      | Got Sif Muna's Verses on the Geologist and Rime
  1979 | D:3      | Learned a level 1 spell: Summon Small Mammal
  2095 | D:3      | Noticed Sigmund
  2145 | D:3      | Noticed Natasha
  2155 | D:3      | Killed Natasha
  2156 | D:3      | Reached XP level 5. HP: 32/41 MP: 5/5
  2380 | D:3      | Found Jyivvics's Book Shoppe.
  2454 | D:3      | Noticed Natasha
  2463 | D:3      | Killed Natasha
  2464 | D:3      | Reached skill level 1 in Dodging
  2909 | D:3      | Found an ornate altar of the Wu Jian Council.
  2917 | D:3      | Noticed a spectral centipede
  2917 | D:3      | Noticed a spectral black mamba
  2917 | D:3      | Noticed a spectral cane toad
  2918 | D:3      | Became a worshipper of the Wu Jian Council
  3172 | D:3      | Reached skill level 1 in Ranged Weapons
  3173 | D:3      | Reached XP level 6. HP: 46/47 MP: 6/6
  3200 | D:3      | Noticed Natasha
  3312 | D:3      | Killed Sigmund
  3313 | D:3      | Reached skill level 1 in Stealth
  3384 | D:3      | Killed Natasha
  3385 | D:3      | Reached XP level 7. HP: 47/53 MP: 7/7
  3452 | D:4      | Found a transporter.
  3559 | D:4      | Noticed Grinder
  3805 | D:4      | Reached * piety under Wu Jian
  3851 | D:4      | Upgraded the game from 0.29.1-12-g30fa7ad0bf to
                  | 0.29.1-13-g9f3cf754e1
  3869 | D:4      | Paralysed by Grinder for 5 turns
  3904 | D:4      | Killed Grinder
  3905 | D:4      | Reached skill level 5 in Short Blades
  3905 | D:4      | Reached skill level 1 in Throwing
  4060 | D:4      | Noticed hawla's ghost (weakling MeIE)
  4102 | D:4      | Found a transporter.
  4302 | D:5      | Entered Level 5 of the Dungeon
  4318 | D:5      | Found a transporter.
  4341 | D:5      | Found a transporter.
  4371 | D:5      | Reached XP level 8. HP: 60/60 MP: 8/8
  4932 | D:6      | Noticed Menkaure
  4941 | D:6      | Gained mutation: You have sharp toenails. [potion of
                  | mutation]
  4941 | D:6      | Gained mutation: Potions are less effective at restoring
                  | your health. [potion of mutation]
  4947 | D:6      | Killed Menkaure
  4950 | D:6      | Reached skill level 1 in Evocations
  5202 | D:6      | Reached ** piety under Wu Jian
  5836 | D:6      | Reached XP level 9. HP: 66/66 MP: 9/9
  5974 | D:6      | Noticed Maggie
  6064 | D:6      | Killed Maggie
  6065 | D:6      | Reached skill level 1 in Long Blades
  6219 | D:6      | Found Yrchehani's Self-Improvement Boutique.
  6636 | D:7      | Found a staircase to the Ecumenical Temple.
  6668 | D:7      | Noticed a hornet
  6679 | D:7      | Reached skill level 5 in Fighting
  6768 | D:7      | Noticed Pikel
  7187 | D:7      | Killed a hornet
  7188 | D:7      | Reached skill level 5 in Shields
  7419 | D:7      | Noticed a troll
  7432 | D:7      | Killed a troll
  7524 | D:7      | Reached *** piety under Wu Jian
  7932 | D:7      | Reached XP level 10. HP: 74/74 MP: 10/10
  8098 | D:7      | Reached skill level 5 in Long Blades
  8123 | D:7      | You fall into a shaft and drop 1 floor!
  8973 | D:7      | Killed Pikel
  8974 | D:7      | Reached skill level 5 in Ranged Weapons
  9740 | D:8      | Found Qitajiri's Jewellery Emporium.
  9753 | D:8      | Bought a ring of see invisible for 210 gold pieces
  9799 | D:8      | Found a sparkling altar of Nemelex Xobeh.
  9799 | D:8      | Found a hide-covered altar of Uskayaw.
  9799 | D:8      | Found an iron altar of Okawaru.
 10233 | D:9      | Noticed Erolcha
 10261 | D:9      | Found Erezizon's Antique Weapon Emporium.
 10266 | D:9      | Bought an ebony hand axe for 200 gold pieces
 10266 | D:9      | Identified the +12 hand axe "Vutyti" {freeze, rN++} (You
                  | bought it in a shop on level 9 of the Dungeon)
 10429 | D:9      | Killed Erolcha
 10430 | D:9      | Reached skill level 1 in Axes
 10591 | D:9      | Reached skill level 2 in Axes
 11122 | D:9      | Reached XP level 11. HP: 59/81 MP: 11/11
 11284 | D:9      | Noticed Psyche
 11308 | D:9      | Killed Psyche
 11328 | D:9      | Noticed Harold
 11357 | D:9      | Killed Harold
 11358 | D:9      | Reached skill level 3 in Axes
 11423 | D:9      | Reached skill level 4 in Axes
 11892 | D:9      | Found a stormy altar of Qazlal.
 12145 | D:9      | Reached **** piety under Wu Jian
 12203 | D:10     | Entered Level 10 of the Dungeon
 12203 | D:10     | Noticed Josephine
 12247 | D:9      | Killed Josephine
 12248 | D:9      | Reached skill level 5 in Axes
 12713 | D:10     | Noticed a two-headed ogre
 12896 | D:10     | Found a runed translucent door.
 12900 | D:10     | Noticed FexLirch's ghost (journeyman TeAE)
 12918 | D:10     | Noticed Fannar
 12954 | D:10     | Killed Fannar
 13250 | D:10     | Reached skill level 6 in Axes
 13870 | D:10     | Found Pung's Weapon Boutique.
 13885 | D:10     | Bought 4 datura-tipped darts for 19 gold pieces
 14099 | D:10     | Reached skill level 5 in Armour
 14451 | D:10     | Reached skill level 5 in Dodging
 14486 | D:10     | Killed a two-headed ogre
 14487 | D:10     | Reached skill level 7 in Axes
 14487 | D:10     | Reached XP level 12. HP: 50/89 MP: 12/12
 14837 | D:10     | Found a staircase to the Orcish Mines.
 15045 | Orc:1    | Entered Level 1 of the Orcish Mines
 15212 | Orc:2    | Entered Level 2 of the Orcish Mines
 15212 | Orc:2    | Found Egil's Antique Weapon Emporium.
 15213 | Orc:2    | Identified a scroll of acquirement
 15213 | Orc:2    | Acquired 1047 gold pieces
 15220 | Orc:2    | Noticed an ettin
 15239 | Orc:2    | Killed an ettin
 15738 | Orc:2    | Reached skill level 5 in Stealth
 15987 | Orc:2    | Reached skill level 8 in Axes
 15994 | Orc:2    | Reached ***** piety under Wu Jian
 16222 | Orc:2    | Paralysed by an orc sorcerer for 4 turns
 16225 | Orc:2    | Noticed a soul eater
 16933 | Orc:2    | Reached skill level 5 in Throwing
 17363 | Orc:2    | Noticed an orc high priest
 17376 | Orc:2    | Noticed a soul eater
 17376 | Orc:2    | Killed an orc high priest
 17707 | Orc:2    | Found a staircase to the Elven Halls.
 17779 | Orc:2    | Reached skill level 9 in Axes
 18672 | Orc:2    | Found Buusoum's Armour Shoppe.
 18673 | Orc:2    | Found Ciha's Antique Weapon Emporium.
 18674 | Orc:2    | Found Moydycw's Jewellery Emporium.
 18767 | Orc:2    | Found Jeekhay's General Store.
 18806 | Orc:2    | Bought a +4 ring of evasion for 648 gold pieces
 19951 | D:11     | Noticed a boulder beetle
 20422 | D:11     | Reached XP level 13. HP: 82/96 MP: 13/13
 20464 | D:11     | Found a portal to a secret trove of treasure.
 20669 | D:11     | Killed a boulder beetle
 20670 | D:11     | Reached skill level 10 in Axes
 21495 | D:11     | Found a staircase to the Lair.
 21559 | D:11     | Found an opulent altar of Gozag.
 21709 | Lair:1   | Entered Level 1 of the Lair of Beasts
 21792 | Lair:1   | Reached ****** piety under Wu Jian
 22542 | Lair:1   | Reached skill level 11 in Axes
 23517 | Lair:2   | Identified the +2 robe of Purpose {Contam rC+++ rN+ Int+4}
 24374 | Lair:2   | Noticed a five-headed hydra
 24375 | Lair:2   | Noticed a five-headed hydra
 24392 | Lair:2   | Killed a one-headed hydra
 24415 | Lair:2   | Killed a one-headed hydra
 24445 | Lair:2   | Found a staircase to the Swamp.
 25009 | Lair:3   | Reached skill level 12 in Axes
 25054 | Lair:3   | Found a staircase to the Snake Pit.
 25054 | Lair:3   | Noticed a six-headed hydra
 25065 | Lair:3   | Killed a one-headed hydra
 25066 | Lair:3   | Reached XP level 14. HP: 65/106 MP: 14/14
 25884 | Snake:1  | Entered Level 1 of the Snake Pit
 25897 | Snake:1  | HP: 4/106 [naga warrior/+0 mace (22)]
 25898 | Snake:1  | Asphyxiated

Illustrated notes

Levels and vault maps discovered:
D:1:      eino_arrival_tree_alley, layout_rooms
D:2:      layout_rooms, shapermc_ecumenical_altar_mp_vishouse
D:3:      layout_loops_ring, pdpol_wu_jian_five_deadly_venoms, serial_shops,
          nicolae_shop_stone, uniq_natasha, uniq_sigmund
D:4:      cheibrodos_greedy_goblins, layout_rooms, gammafunk_ghost_stat_death,
          minmay_box_of_dots, uniq_grinder
D:5:      gammafunk_steamed_eel, layout_basic
D:6:      layout_loops_ring, nicolae_shop_self_help, uniq_menkaure, uniq_maggie
D:7:      layout_cave_pods, minmay_temple_entry_butterflies, uniq_pikel
D:8:      layout_cave_pools, gammafunk_temple_overflow_claw, serial_shops,
          nicolae_shop_temple_entry_statues_fountains
D:9:      layout_basic, lemuel_coloured_pillars_altar, serial_shops,
          nicolae_stop_n_shop_1, uniq_psyche, uniq_harold, uniq_erolcha
D:10:     layout_roguey, hiddenorc1_lemuel, hellmonk_ghost_happy_afterlife,
          serial_shops, shop, uniq_josephine, uniq_fannar
D:11:     layout_basic, david_lair_generic, enter_trove_0,
          nicolae_gozag_seed_capital
Lair:1:   layout_layer_cave
Lair:2:   layout_regular_city, palyth_hydra_swamp_entry
Lair:3:   layout_gridlike, dummy_snake_entry, grunt_megastairs_4
Snake:1:  layout_cave_pods, grunt_megastairs_5, nicolae_triple_integral,
          uniq_louise, uniq_agnes
Orc:1:    layout_diamond_mine, basic_altar, lightli_orcish_oven
Orc:2:    st_orc_mages, layout_caves, serial_shops,
          nicolae_shop_overgrown_old_shop

Skill      XL: |  1  2  3  4  5  6  7  8  9 10 11 12 13 |
---------------+----------------------------------------+-----
Short Blades   | 3 4 5 6 |  6.7
Dodging        | 1 2 3 4 5 6 |  6.8
Ranged Weapons | 1 2 4 5 6 7 |  7.7
Stealth        | 1 2 3 4 5 |  5.5
Throwing       | 1 3 4 5 |  5.6
Fighting       | 4 5 6 7 8 |  8.9
Shields        | 4 5 6 7 8 |  8.2
Evocations     | 1 2 |  2.8
Armour         | 4 5 |  5.9
Long Blades    | 4 7 |  7.3
Axes           | 2 7 9 12 | 12.4

Action                   |  1- 3 |  4- 6 |  7- 9 | 10-12 | 13-15 || total
-------------------------+-------+-------+-------+-------+-------++-------
Melee: Rapier            |    91 |   103 |   209 |    13 |       ||   416
       Kick              |       |       |    60 |       |       ||    60
       Long sword        |       |       |   106 |   114 |       ||   220
       Spear             |       |       |     6 |       |       ||     6
       Hand axe          |       |       |       |   446 |   273 ||   719
       Dagger            |       |       |       |     3 |     2 ||     5
       Short sword       |       |       |       |     1 |       ||     1
       War axe           |       |       |       |       |   106 ||   106
 Fire: Sling             |       |    16 |    53 |    96 |    20 ||   185
Throw: Dart              |       |     8 |    13 |    61 |     1 ||    83
       Boomerang         |       |       |     5 |    41 |    13 ||    59
       Throwing net      |       |       |       |     1 |       ||     1
Invok: Lunge             |       |     4 |    12 |    49 |    23 ||    88
       Whirlwind         |       |       |     4 |    30 |    21 ||    55
       Serpent's Lash    |       |       |       |       |     1 ||     1
 Abil: Wall Jump         |       |       |       |    12 |     8 ||    20
Evoke: Wand              |       |       |    16 |    22 |       ||    38
  Use: Scroll            |     6 |     5 |     6 |     4 |     2 ||    23
       Potion            |     2 |     7 |     5 |     6 |     3 ||    23
 Stab: Sleeping          |       |     3 |    15 |     3 |     3 ||    24
       Distracted        |       |       |       |     3 |     1 ||     4
       Invisible         |       |       |       |     2 |       ||     2
Armor: Scale mail        |    30 |     2 |       |       |       ||    32
       Robe              |       |    29 |    45 |       |       ||    74
       Ring mail         |       |       |    39 |       |       ||    39
       Steam dragon scal |       |       |    35 |    52 |       ||    87
       Chain mail        |       |       |       |     9 |       ||     9
       Acid dragon scale |       |       |       |    97 |   100 ||   197
Dodge: Dodged            |    28 |    32 |   124 |   218 |   137 ||   539
Block: Buckler           |    14 |    15 |     3 |       |       ||    32
       Kite shield       |       |       |   129 |   245 |   185 ||   559
